 Dungeon Crawl Stone Soup version 0.15.1-4-gac8487e (webtiles) character file.

76 Psiweapon the Ruffian (level 4, -4/28 HPs)
             Began as a Gargoyle Transmuter on Oct 15, 2014.
             Killed by divine providence
             ... invoked by an orc priest
              (9 damage)
             ... on Level 3 of the Dungeon.
             The game lasted 00:08:30 (1892 turns).

Psiweapon the Ruffian (Gargoyle Transmuter)         Turns: 1892, Time: 00:08:32

HP  -4/28        AC  6     Str 18      XL: 4   Next: 32%
MP   7/7         EV 11     Int 13      God:
Gold 156         SH  0     Dex 11      Spells:  1 memorised,  6 levels left

rFire  . . .     SeeInvis .     v - +1 hunting sling
rCold  . . .     Clarity  .     x - +0 leather armour
rNeg   + . .     rCorr    .     (no shield)
rPois  +         rRot     +     (no helmet)
rElec  +         Spirit   .     (no cloak)
SustAb .         Warding  .     (no gloves)
rMut   .         Stasis   .     (no boots)
Gourm  .                        (no amulet)
MR     .....                    (no ring)
                                q - +4 ring of strength

@: not resistant to hostile enchantments, very unstealthy
A: negative energy resistance 1, electricity resistance, unbreathing,
petrification resistance, rot immunity, AC +3
a: no special abilities


You were on level 3 of the Dungeon.
You were not hungry.

You visited 1 branch of the dungeon, and saw 3 of its levels.

You collected 156 gold pieces.

Inventory:

Hand weapons
 v - a +1 hunting sling (weapon)
Missiles
 b - 73 arrows
 j - 22 bolts
 w - 8 stones (quivered)
Armour
 c - a +0 robe
 t - a +0 leather armour
 x - a +0 leather armour (worn)
Comestibles
 a - a bread ration
 k - a chunk of rat flesh
 l - a royal jelly
Scrolls
 u - a scroll of recharging
Jewellery
 q - a +4 ring of strength (left hand)
Potions
 e - a potion of degeneration {unknown}
 f - a potion of cure mutation {unknown}
 g - a potion of brilliance {unknown}
 i - a potion of flight {unknown}
 o - a potion of restore abilities {unknown}
 p - 2 potions of curing
Books
 d - a book of Changes

   Spells                             Type                      Level
   *Beastly Appendage                 Transmutation                1
   Sticks to Snakes                   Transmutation                2
   Spider Form                        Transmutation/Poison         3
   Ice Form                           Ice/Transmutation            4
   Blade Hands                        Transmutation                5
 h - a book of Transfigurations

   Spells                             Type                      Level
   Stoneskin                          Transmutation/Earth          2
   Ice Form                           Ice/Transmutation            4
   Statue Form                        Transmutation/Earth          6
   Dragon Form                        Transmutation                7


   Skills:
 + Level 3.2 Fighting
 - Level 1.5 Dodging
 + Level 4.0 Unarmed Combat
 - Level 2.0 Spellcasting
 - Level 1.5 Transmutations


You had 6 spell levels left.
You knew the following spells:

 Your Spells              Type           Power        Failure   Level  Hunger
a - Beastly Appendage     Trmt           #.....       14%         1    ##.....


Dungeon Overview and Level Annotations

Branches:
Dungeon (3/15)

Altars:


Innate Abilities, Weirdness & Mutations

You are resistant to torment.
You are immune to poison.
Your stone body is very resilient (AC +3).
You resist negative energy.
You are resistant to electric shocks.
You can survive without breathing.
You are immune to petrification.
You are immune to rotting.


Message History

Firing (i - inventory):
w - 10 stones (quivered)
Press: ? - help, Shift-Dir - straight line, f/p - orc priest
Aim: an orc priest, wielding a runed hand axe and wearing a ring mail (heavily wounded)
You shoot a stone. The stone hits the orc.
The orc is heavily wounded.
The orc priest mumbles some strange prayers to Beogh against you.
Something smites you!
* * * LOW HITPOINT WARNING * * *
The quokka barely misses you. The orc hits you but does no damage.
Firing (i - inventory):
w - 9 stones (quivered)
Press: ? - help, Shift-Dir - straight line, f/p - orc priest
Aim: an orc priest, wielding a runed hand axe and wearing a ring mail (moderately wounded)
You shoot a stone. The stone barely misses the orc.
The stone hits the orc priest.
The orc priest is heavily wounded.
The quokka barely misses you. The orc hits you but does no damage.
The quokka misses you.
The orc priest calls down the wrath of Beogh upon you.
Something smites you!
You die...

.# #.# .. #.# #. #r#
#.##.# ..#.# #.#.# #.#.#
#############...#########
..((.ooo@r..........#....
##############...##.#.###
#...##.#.# ##>###<#.#
#####.# ###.# #.....# #.#
##### #.##### #.# #...#
#.# #.#
#.#.####.#########.#


You could see an orc priest, an orc wizard, an orc and a quokka.

Vanquished Creatures
  4 adders (D:2)
  A worm (D:3)
  A giant gecko (D:2)
  An ooze (D:1)
  An orc (D:3)
  7 goblins
  2 hobgoblins (D:2)
  4 kobolds
  A ball python (D:1)
  4 bats
  2 giant cockroaches
  2 giant newts (D:1)
  7 rats
37 creatures vanquished.

Notes
Turn   | Place    | Note
--------------------------------------------------------------
     0 | D:1      | Psiweapon, the Gargoyle Transmuter, began the quest for the Orb.
     0 | D:1      | Reached XP level 1. HP: 12/12 MP: 3/3
   195 | D:1      | Reached XP level 2. HP: 17/17 MP: 2/4
   625 | D:2      | Reached XP level 3. HP: 17/22 MP: 4/6
  1128 | D:2      | Reached XP level 4. HP: 25/28 MP: 7/7
  1661 | D:3      | Reached skill level 4 in Unarmed Combat
  1892 | D:3      | Killed from afar by an orc priest

Action                   |  1- 3 |  4- 6 || total
-------------------------+-------+-------++-------
Melee: Unarmed           |    86 |    16 ||   102
 Fire: Hunting sling     |     9 |    25 ||    34
 Cast: Beastly Appendage |    11 |     3 ||    14
  Use: Scroll            |       |     7 ||     7
  Eat: Chunk             |     1 |     2 ||     3
